 Dungeon Crawl Stone Soup version 0.32-a0-163-g159c032296 (webtiles) character file.

Game seed: 18136687496458177100

5233 Ceno the Reanimator (level 10, -2/76 HPs)
             Began as a Gnoll Necromancer on Feb 11, 2024.
             Was a Priest of Sif Muna.
             Slain by a yak (14 damage)
             ... on level 9 of the Dungeon.
             The game lasted 00:32:07 (8922 turns).

Ceno the Reanimator (Gnoll Necromancer)             Turns: 8922, Time: 00:32:08

Health: -2/76      AC:  8    Str: 11    XL:     10   Next: 61%
Magic:  4/21       EV: 18    Int: 14    God:    Sif Muna [***...]
Gold:   564        SH:  0    Dex: 14    Spells: 11/24 levels left

rFire   . . .        E - +2 whip (elec)
rCold   . . .        (no shield)
rNeg    . . .        r - +0 ring mail
rPois   +            (no helmet)
rElec   .            o - +0 cloak
rCorr   .            (no gloves)
SInv    .            g - +0 pair of boots "Lirigon" {rPois}
Will    .....        (no amulet)
Stlth   +++          v - +5 ring of evasion
HPRegen 0.32/turn    (no ring)
MPRegen 0.17/turn

%: no passive effects
@: animating dead
A: fangs 1, strong nose, distributed training
a: Renounce Religion, Channel Magic, Forget Spell


You were on level 9 of the Dungeon.
You worshipped Sif Muna.
Sif Muna was most pleased with you.
You visited 2 branches of the dungeon, and saw 10 of its levels.
You also visited: Bailey.

You collected 564 gold pieces.

Inventory:

Hand Weapons
 f - a +0 whip
 j - a +0 broad axe
 q - a +0 flail
 A - the +4 mace "Kiammeti" {flame, rN+ Str+4}
   (You found it on level 4 of the Dungeon)

   Str+4:     It affects your strength (+4).
   rN+:       It protects you from negative energy.
 E - a +2 whip of electrocution (weapon)
Missiles
 k - 8 boomerangs (quivered)
 m - 34 stones
 D - 5 javelins
 N - 4 throwing nets
Armour
 g - the +0 pair of boots "Lirigon" (worn) {rPois}
   (You acquired it in a bailey)

   rPois:     It protects you from poison
 o - a +0 cloak (worn)
 r - a +0 ring mail (worn)
 t - a +0 pair of boots
Jewellery
 v - a +5 ring of evasion (left hand)
 w - a +6 ring of intelligence
 K - a +4 ring of protection
 O - an amulet of magic regeneration
 P - an amulet of faith
Wands
 J - a wand of flame (12)
Scrolls
 c - 2 scrolls of enchant weapon {unknown}
 e - 3 scrolls of revelation
 h - 2 scrolls of teleportation
 l - a scroll of fear {unknown}
 p - a scroll of amnesia {unknown}
 x - a scroll of noise {unknown}
 y - a scroll of poison {unknown}
 z - 2 scrolls of blinking {unknown}
 B - a scroll of enchant armour {unknown}
 F - 2 scrolls of immolation
 G - 2 scrolls of silence {unknown}
 I - a scroll of vulnerability {unknown}
 L - a scroll of butterflies {unknown}
Potions
 a - a potion of resistance
 b - 3 potions of magic
 d - a potion of curing
 i - 3 potions of degeneration
 n - 3 potions of might
 s - a potion of haste {unknown}
 u - 2 potions of invisibility
 C - 2 potions of attraction
 H - 2 potions of lignification
 M - a potion of ambrosia {unknown}


   Skills:
 + Level 5.6 Fighting
 + Level 5.6 Short Blades
 + Level 5.6 Long Blades
 + Level 5.6 Axes
 + Level 5.6 Maces & Flails
 + Level 5.6 Polearms
 + Level 5.6 Staves
 + Level 5.6 Ranged Weapons
 + Level 5.6 Throwing
 + Level 5.6 Armour
 + Level 7.3 Dodging
 + Level 7.1 Stealth
 + Level 5.6 Shields
 + Level 5.6 Unarmed Combat
 + Level 7.6 Spellcasting
 + Level 4.6 Conjurations
 + Level 4.6 Hexes
 + Level 4.6 Summonings
 + Level 8.6 Necromancy
 + Level 4.6 Translocations
 + Level 4.6 Fire Magic
 + Level 4.6 Ice Magic
 + Level 4.6 Air Magic
 + Level 4.6 Earth Magic
 + Level 4.6 Alchemy
 + Level 6.2 Invocations
 + Level 5.6 Evocations
 + Level 5.1 Shapeshifting


You had 11 spell levels left.
You knew the following spells:

 Your Spells              Type           Power      Damage    Failure   Level
a - Necrotise             Necr           100%       1d9       1%          1
b - Vampiric Draining     Necr           29%        2d8       2%          3
c - Animate Dead          Necr           29%        N/A       9%          4
d - Curse of Agony        Necr           29%        N/A       24%         5

Your spell library contained the following spells:

 Spells                   Type           Power      Damage    Failure   Level
 Summon Small Mammal      Summ           72%        N/A       4%          1
 Ensorcelled Hibernation  Hex/Ice        36%        N/A       6%          2
 Static Discharge         Conj/Air       36%        3-5/arc   6%          2
 Call Canine Familiar     Summ           18%        N/A       13%         3
 Passwall                 Erth           18%        N/A       13%         3
 Swiftness                Air            18%        N/A       13%         3
 Tukima's Dance           Hex            18%        N/A       13%         3
 Airstrike                Air            9%         2d(2-18)  38%         4
 Dimensional Bullseye     Hex/Tloc       9%         N/A       38%         4
 Iskenderun's Mystic Bla  Conj/Tloc      18%        2d6       38%         4
 Summon Blazeheart Golem  Fire/Summ      18%        N/A       38%         4
 Summon Lightning Spire   Summ/Air       18%        N/A       38%         4


Dungeon Overview and Level Annotations

Branches:
Dungeon (9/15)             Temple (1/1) D:5          Bailey (visited)
   Lair: D:8-11         Orc: D:9-12

Altars:
Ashenzari
Cheibriados
Elyvilon
Fedhas
Gozag
Hepliaklqana
Kikubaaqudgha
Makhleb
Qazlal
Ru
Sif Muna
Trog
Uskayaw
Vehumet
Wu Jian
Yredelemnul
Zin
The Shining One

Shops:
D:7 *

Annotations:
D:3 1 runed translucent door, Crazy Yiuf
D:5 Menkaure
D:6 Dowan
D:9 Gastronok


Innate Abilities, Weirdness & Mutations

You have very sharp teeth.
Your uncanny sense of smell can sniff out nearby items.
Your experience applies equally to all skills.


Message History

Aim: a yak (almost dead)
You draw life force from the yak!
You kill the yak!
Sif Muna accepts your kill.
You feel life coursing into your body.
The dead are walking!
The yak barely misses you. The yak closely misses you.
The yak barely misses you.
Casting: Vampiric Draining (mildly dangerous; 2% risk of failure)
Confirm with . or Enter, or press ? or * to list all spells.
You don't have enough magic to cast this spell.
Unknown command.
You hit the yak but do no damage.
The yak gores you. x2; The yak misses you.
You hit the yak.
The yak is lightly wounded.
The yak gores you but does no damage. The yak closely misses you. x2
You hit the yak.
The yak is lightly wounded.
The yak gores you. The yak gores you! The yak closely misses you.
You closely miss the yak.
The yak is lightly wounded.
Your yak zombie gores the yak.
You hit the yak but do no damage. You bite the yak, but do no damage.
The yak is lightly wounded.
The yak gores you! The yak gores you. The yak misses you.
Your yak zombie barely misses the yak.
You hit the yak.
The yak is moderately wounded.
The yak misses you. The yak gores you but does no damage.
The yak closely misses you.
You closely miss the yak. Your punch misses the yak.
The yak is moderately wounded.
The yak completely misses you. The yak barely misses you.
Your yak zombie barely misses the yak.
The yak misses you. The yak completely misses you. The yak misses you.
Your yak zombie gores the yak but does no damage.
The yak attacks as it pursues you! The yak gores you.
The yak attacks as it pursues you! The yak gores you!
* * * LOW HITPOINT WARNING * * *
The yak gores you!
You die...

.. # . .#.∆
... #.# ∆ #.#
# #.#
#.#####@#####
##.....YY....#
#.....ZY.....#
#......<.....#
.............#
...####+##...#
.. ..... . ∆
...... ......


You could see 3 yaks and a friendly yak zombie.

Vanquished Creatures
  Pikel (D:5)
  Grinder (D:6)
  A yak (D:9)
  A steam dragon (D:8)
  Edmund (D:5)
  8 orc warriors (Bailey)
  3 water moccasins
  2 sky beasts
  4 ice beasts
  2 ogres
  2 black bears
  2 centaurs (D:8)
  A lemure (D:4)
  A kobold brigand (D:8)
  A bullfrog (D:8)
  2 scorpions
  A gnoll sergeant (D:8)
  4 wights
  4 killer bees (D:7)
  5 electric eels (Bailey)
  3 jellies
  2 hounds (D:5)
  2 bombardier beetles
  2 orc priests
  A gnoll bouda (D:7)
  2 iguanas
  A sleepcap (D:6)
  7 orc wizards
  11 adders
  20 gnolls
  A white imp (D:8)
  3 ribbon worms (D:2)
  2 dart slugs
  23 orcs
  11 ball pythons
  5 endoplasms
  A giant cockroach (D:3)
  A gnoll zombie (Bailey)
  17 goblins
  3 hobgoblins
  A quokka (D:2)
  A bat (D:1)
  5 frilled lizards
  11 kobolds
  3 rats
186 creatures vanquished.

Vanquished Creatures (collateral kills)
  A water moccasin (D:7)
  2 wights (D:7)
  4 gnolls
  A shadow imp (D:8)
  A dart slug (D:2)
  4 orcs (D:7)
  2 goblins
  3 hobgoblins (Bailey)
  A kobold (D:8)
  A rat (D:2)
20 creatures vanquished.

Vanquished Creatures (others)
  A black bear zombie (D:7)
  A bullfrog zombie (D:8)
  4 killer bee zombies (D:7)
  An ice beast zombie (D:7)
  4 gnoll zombies (Bailey)
  5 goblin zombies (Bailey)
  A hobgoblin zombie (Bailey)
  5 kobold zombies (D:8)
  7 orc zombies
29 creatures vanquished.

Grand Total: 235 creatures vanquished

Notes
Turn   | Place    | Note
-------+----------+-------------------------------------------
     0 | D:1      | Ceno the Gnoll Necromancer began the quest for the Orb.
     0 | D:1      | Reached XP level 1. HP: 13/13 MP: 6/6
   129 | D:1      | Reached XP level 2. HP: 19/19 MP: 2/7
   582 | D:2      | Reached skill level 5 in Spellcasting
   582 | D:2      | Reached XP level 3. HP: 25/25 MP: 1/9
   594 | D:1      | Learned a level 3 spell: Vampiric Draining
   676 | D:2      | Reached skill level 1 in Invocations
   725 | D:2      | Reached skill level 1 in Fighting
   725 | D:2      | Reached skill level 1 in Short Blades
   725 | D:2      | Reached skill level 1 in Long Blades
   725 | D:2      | Reached skill level 1 in Axes
   725 | D:2      | Reached skill level 1 in Maces & Flails
   725 | D:2      | Reached skill level 1 in Polearms
   725 | D:2      | Reached skill level 1 in Staves
   725 | D:2      | Reached skill level 1 in Ranged Weapons
   725 | D:2      | Reached skill level 1 in Throwing
   725 | D:2      | Reached skill level 1 in Armour
   725 | D:2      | Reached skill level 1 in Shields
   725 | D:2      | Reached skill level 1 in Unarmed Combat
   725 | D:2      | Reached skill level 1 in Evocations
   798 | D:2      | Reached skill level 1 in Shapeshifting
   798 | D:2      | Reached XP level 4. HP: 31/32 MP: 7/11
   821 | D:2      | Reached skill level 1 in Conjurations
   821 | D:2      | Reached skill level 1 in Hexes
   821 | D:2      | Reached skill level 1 in Summonings
   821 | D:2      | Reached skill level 1 in Translocations
   821 | D:2      | Reached skill level 1 in Fire Magic
   821 | D:2      | Reached skill level 1 in Ice Magic
   821 | D:2      | Reached skill level 1 in Air Magic
   821 | D:2      | Reached skill level 1 in Earth Magic
   821 | D:2      | Reached skill level 1 in Alchemy
  1127 | D:2      | Learned a level 4 spell: Animate Dead
  1245 | D:3      | Found a runed translucent door.
  1246 | D:3      | Noticed Crazy Yiuf
  1319 | D:3      | Found a glowing golden altar of the Shining One.
  1570 | D:3      | Found a faded altar of an unknown god.
  1579 | D:3      | Reached XP level 5. HP: 37/37 MP: 8/12
  1586 | D:3      | Learned a level 5 spell: Curse of Agony
  2073 | D:4      | Noticed a black bear
  2145 | D:4      | Reached XP level 6. HP: 14/44 MP: 2/14
  2407 | D:4      | Reached skill level 5 in Dodging
  2613 | D:4      | Killed a black bear
  2867 | D:4      | Identified the +4 mace "Kiammeti" {flame, rN+ Str+4}
  3133 | D:5      | Entered Level 5 of the Dungeon
  3138 | D:4      | Reached XP level 7. HP: 50/50 MP: 11/15
  3321 | D:5      | Noticed Pikel
  3335 | D:5      | Killed Pikel
  3336 | D:5      | Reached skill level 5 in Stealth
  3336 | D:5      | Reached XP level 8. HP: 20/58 MP: 1/16
  3339 | D:5      | Found a staircase to the Ecumenical Temple.
  3348 | Temple   | Entered the Ecumenical Temple
  3374 | Temple   | Became a worshipper of Sif Muna the Loreminder
  3752 | D:5      | Noticed Edmund
  3760 | D:5      | Killed Edmund
  4144 | D:5      | Found a broken altar of Ashenzari.
  4146 | D:5      | Found a hide-covered altar of Uskayaw.
  4147 | D:5      | Found an ornate altar of the Wu Jian Council.
  4343 | D:5      | Noticed Menkaure
  4631 | D:6      | Reached * piety under Sif Muna
  4714 | D:6      | Reached XP level 9. HP: 64/65 MP: 14/18
  4766 | D:6      | Noticed Grinder
  5132 | D:6      | Killed Grinder
  5133 | D:6      | Reached skill level 8 in Necromancy
  5646 | D:6      | Noticed Dowan
  5694 | D:7      | Found a radiant altar of Vehumet.
  5903 | D:7      | Reached skill level 5 in Invocations
  6053 | D:7      | Found Cuiling's Assorted Antiques.
  6750 | D:7      | Found a burning altar of Makhleb.
  6834 | D:8      | Reached skill level 5 in Fighting
  6834 | D:8      | Reached skill level 5 in Short Blades
  6834 | D:8      | Reached skill level 5 in Long Blades
  6834 | D:8      | Reached skill level 5 in Axes
  6834 | D:8      | Reached skill level 5 in Maces & Flails
  6834 | D:8      | Reached skill level 5 in Polearms
  6834 | D:8      | Reached skill level 5 in Staves
  6834 | D:8      | Reached skill level 5 in Ranged Weapons
  6834 | D:8      | Reached skill level 5 in Throwing
  6834 | D:8      | Reached skill level 5 in Armour
  6834 | D:8      | Reached skill level 5 in Shields
  6834 | D:8      | Reached skill level 5 in Unarmed Combat
  6834 | D:8      | Reached skill level 5 in Evocations
  6834 | D:8      | Reached XP level 10. HP: 70/74 MP: 9/20
  7007 | D:8      | Reached ** piety under Sif Muna
  7416 | D:8      | Found a flagged portal.
  7499 | Bailey   | Entered a bailey
  7732 | Bailey   | Acquired the +0 pair of boots "Lirigon" {rPois}
  7872 | Bailey   | Noticed a kobold demonologist
  7937 | Bailey   | Reached skill level 5 in Shapeshifting
  7939 | Bailey   | Reached *** piety under Sif Muna
  8100 | Bailey   | Found an iron altar of Okawaru.
  8102 | Bailey   | Noticed an orc sorcerer
  8306 | D:8      | Noticed a two-headed ogre
  8884 | D:9      | Noticed Gastronok
  8922 | D:9      | Slain by a yak

Illustrated notes

Levels and vault maps discovered:
D:1:      ebering_hopf_link, layout_basic, chequers_serial_rivers_small_b
D:2:      layout_rooms, due_unseen_surprise
D:3:      layout_loops_ring, tso_oasis_becter, basic_ecumenical_altar,
          hangedman_decor_push, hangedman_decor_peaks_small,
          serial_park_tiny_pond, uniq_crazy_yiuf_cottage
D:4:      kb_forest_paths, layout_basic
D:5:      layout_loops_ring, chequers_temple_overflow_statue_of_worship,
          minmay_temple_entry_junction_2, uniq_pikel, uniq_menkaure, uniq_edmund
D:6:      layout_gridville, uniq_duvessa, uniq_grinder
D:7:      layout_basic, old_standard_altar, pf_just_have_faith, serial_shops,
          nicolae_shop_statue_plus, kennysheep_doodads
D:8:      layout_loops_ring, enter_bailey_5, serial_glass, glass_columns_a,
          glass_columns_b, minmay_increasing_density
D:9:      layout_irregular_city, mainiacjoe_overflow_tiny_flanked, serial_ice,
          serial_ice_b, serial_ice_e, serial_ice_d, serial_ice_n, serial_shops,
          nicolae_shop_advertising_works [nicolae_subvault_shop_adworks],
          minmay_nine_imps, uniq_amaemon, uniq_gastronok
Temple:   nicolae_temple_x_marks_the_god

Skill      XL: |  1  2  3  4  5  6  7  8  9 10 |
---------------+-------------------------------+-----
Spellcasting   | 5 6 7 |  7.6
Invocations    | 1 2 3 4 5 6 |  6.2
Fighting       | 1 2 3 5 |  5.6
Short Blades   | 1 2 3 5 |  5.6
Long Blades    | 1 2 3 5 |  5.6
Axes           | 1 2 3 5 |  5.6
Maces & Flails | 1 2 3 5 |  5.6
Polearms       | 1 2 3 5 |  5.6
Staves         | 1 2 3 5 |  5.6
Ranged Weapons | 1 2 3 5 |  5.6
Throwing       | 1 2 3 5 |  5.6
Armour         | 1 2 3 5 |  5.6
Shields        | 1 2 3 5 |  5.6
Unarmed Combat | 1 2 3 5 |  5.6
Evocations     | 1 2 3 5 |  5.6
Shapeshifting  | 1 2 3 4 5 |  5.1
Conjurations   | 1 2 3 4 |  4.6
Hexes          | 1 2 3 4 |  4.6
Summonings     | 1 2 3 4 |  4.6
Translocations | 1 2 3 4 |  4.6
Fire Magic     | 1 2 3 4 |  4.6
Ice Magic      | 1 2 3 4 |  4.6
Air Magic      | 1 2 3 4 |  4.6
Earth Magic    | 1 2 3 4 |  4.6
Alchemy        | 1 2 3 4 |  4.6
Dodging        | 5 6 7 |  7.3
Stealth        | 5 6 7 |  7.1
Necromancy     | 8 |  8.6

Action                     |  1- 3 |  4- 6 |  7- 9 | 10-12 || total
---------------------------+-------+-------+-------+-------++-------
  Melee: Whip              |    18 |    50 |   176 |   190 ||   434
         Bite              |       |     2 |    24 |    23 ||    49
         Mace              |       |     1 |    19 |       ||    20
         Punch             |       |       |     3 |    10 ||    13
  Throw: Stone             |       |       |     3 |       ||     3
         Boomerang         |       |       |       |     5 ||     5
   Cast: Necrotise         |    41 |    72 |    79 |    25 ||   217
         Vampiric Draining |       |    13 |    32 |    25 ||    70
         Animate Dead      |       |       |     6 |     8 ||    14
  Evoke: Wand              |       |       |       |     7 ||     7
    Use: Scroll            |       |     6 |     6 |     1 ||    13
         Potion            |       |     2 |       |     3 ||     5
   Stab: Sleeping          |     2 |       |     1 |       ||     3
         Distracted        |       |     1 |       |     1 ||     2
 Armour: Robe              |     7 |    11 |       |       ||    18
         Leather armour    |       |     7 |       |       ||     7
         Ring mail         |       |    31 |   115 |   134 ||   280
  Dodge: Dodged            |    16 |    60 |   177 |   203 ||   456

Table legend: (Time is in decaauts)
 A = Elapsed time spent in this place.
 B = Non-inter-level travel time spent in this place.
 C = Inter-level travel time spent in this place.
 D = Time resting spent in this place.
 E = Time spent auto-exploring this place.
 F = Levels seen in this place.
 G = Mean time per level.
                   A        B        C        D        E       F      G
               +--------+--------+--------+--------+--------+-----+--------+
         Total |   8896 |   8391 |    505 |    673 |   4187 |  11 |  808.7 |
       Dungeon |   8248 |   7752 |    496 |    477 |   4187 |   9 |  916.4 |
        Temple |     36 |     27 |      9 |      0 |      0 |   1 |   36.0 |
        Bailey |    611 |    611 |      0 |    195 |      0 |   1 |  611.0 |
               +--------+--------+--------+--------+--------+-----+--------+

Top non-repeatable levels by time:
     D:5: 1492 daAuts
     D:8: 1384 daAuts
     D:7: 1222 daAuts
     D:4: 1162 daAuts
     D:3: 906 daAuts
     D:6: 857 daAuts
     D:2: 626 daAuts
  Bailey: 611 daAuts
     D:1: 576 daAuts
  Temple: 36 daAuts
     D:9: 20 daAuts
